 Dungeon Crawl Stone Soup version 0.31.0-1-g2c135a008e (webtiles) character file.

Game seed: 459412391014468773

56 qw the Shooter (level 4, 0/33 HPs)
             Began as a Djinni Hunter on Jan 23, 2024.
             Slain by an orc wizard
             ... wielding a +0 dagger of freezing
              (3 damage)
             ... on level 2 of the Dungeon.
             The game lasted 00:00:03 (1437 turns).

qw the Shooter (Djinni Hunter)                      Turns: 1437, Time: 00:00:04

Health: 0/33       AC:  6    Str: 10    XL:     4   Next: 15%
Gold:   28         EV: 11    Int: 11    God:
                   SH:  0    Dex: 18

rFire   + + .        a - +0 shortbow
rCold   x . .        (shield currently unavailable)
rNeg    . . .        i - +0 ring mail
rPois   inf          (no helmet)
rElec   .            (no cloak)
rCorr   .            e - +0 pair of gloves
SInv    .            (boots unavailable)
Will    .....        (no amulet)
Stlth   +            (no ring)
HPRegen 0.25/turn    (no ring)
MPRegen 0.00/turn

%: infuse magic (-1 HP)
@: flying
A: sickness immunity, fire resistance 2, cold vulnerability 1, float, innate
caster, HP casting, extra vitality 1
a: no special abilities


You were on level 2 of the Dungeon.
You visited 1 branch of the dungeon, and saw 2 of its levels.

You collected 28 gold pieces.


Innate Abilities, Weirdness & Mutations

You are immune to sickness and miasma.
You are immune to poison.
Your flesh is very heat resistant. (rF++)
You are vulnerable to cold. (rC-)
You float through the air rather than walking.
You learn spells naturally, not from books.
Your magical power is your life essence.
You have superior vitality. (+4 MHP)


   Skills:
 + Level 2.0 Fighting
 - Level 4.0 Ranged Weapons
 - Level 2.1 Armour
 - Level 2.1 Dodging
 - Level 0.7 Stealth


You knew the following spells:

 Your Spells              Type           Power      Damage    Failure   Level
a - Apportation           Tloc           0%         N/A       65%         1
Your spell library was empty.

Inventory:

Hand Weapons
 a - a +0 shortbow (weapon)
Armour
 e - a +0 pair of gloves (worn)
 i - a +0 ring mail (worn)
Scrolls
 b - a scroll of vulnerability {unknown}
 c - a scroll of immolation {unknown}
Potions
 d - a potion of enlightenment
 g - 2 potions of might {unknown}
 j - a potion of invisibility {unknown}

Dungeon Overview and Level Annotations

Branches:
Dungeon (2/15)

Altars:
Elyvilon


Message History

The orc wizard flickers and vanishes!
You shoot an arrow. The arrow hits the orc.
You kill the orc!
Your Ranged Weapons skill increases to level 4!
You shoot an arrow. You shoot an arrow.
Something hits you. x2; Something freezes you.
Something hits you.
You shoot an arrow.
Something hits you but does no damage. x2
You shoot an arrow. Something completely misses you. Something hits you.
You shoot an arrow.
You hear some strange, mumbled words.
You are confused.
Something hits you.
Something hits you but does no damage. x2
You shoot an arrow. Something hits you. Something freezes you.
Something hits you but does no damage.
You shoot an arrow. Something hits you but does no damage. Something hits you.
You shoot an arrow.
You hear some strange, mumbled words.
A magic dart appears from out of thin air!
The magic dart hits you. Something hits you but does no damage.
Something hits you. Something freezes you.
You shoot an arrow.
You hear some strange, mumbled words.
Something tries to affect you, but you resist.
Something hits you. Something freezes you.
Something hits you but does no damage.
You shoot an arrow.
You feel less confused. Something completely misses you. Something hits you.
You shoot an arrow.
Something hits you but does no damage. x3
You shoot an arrow. Something hits you. Something hits you but does no damage.
Something hits you.
You shoot an arrow. Something hits you.
You die...

#.# ..#.#.#.##.# ..# #.#
###.......## #.# #.#
......###.##.# #.# #.# #####.#
#.# #. #.# #.# ..#.# #.#### #.#
#.# #.#.# #..... #.# #.# #.#.#
###### #+ #.# #.# #.#.# ...
##.######@#####.#.# # ....
##......){{........## ## ...)$
#.......##.####..##.## ##.
......#..#....##.#####.#...####..
.o...o'....(.................)'..
......#..#....##.#####.#...####..
..... #..##.#.##.# ##.##.## ##.
.... #..........# ##.#.### ## ...
#.###.#.######.###.## #


There were no monsters in sight!

Vanquished Creatures
  Jessica (D:2)
  An adder (D:2)
  A ribbon worm (D:2)
  2 orcs (D:2)
  A ball python (D:2)
  2 giant cockroaches (D:1)
  2 goblins
  3 kobolds
  A quokka (D:1)
  2 bats
16 creatures vanquished.

Notes
Turn   | Place    | Note
-------+----------+-------------------------------------------
     0 | D:1      | qw the Djinni Hunter began the quest for the Orb.
     0 | D:1      | Reached XP level 1. HP: 18/18 MP: 0/0
     0 | D:1      | 0 ||| qw: Version: 0.3-a-136-gdd3b4e8
     0 | D:1      | 0 ||| qw: Game counter: 1123
     0 | D:1      | 0 ||| qw: Melee chars always use a shield: true
     0 | D:1      | 0 ||| qw: God list: Okawaru
     0 | D:1      | 0 ||| qw: Allow faded altars: false
     0 | D:1      | 0 ||| qw: Do Orc after clearing Dungeon:15 true
     0 | D:1      | 0 ||| qw: Do second Lair branch before Depths: true
     0 | D:1      | 0 ||| qw: Lair rune preference: random
     0 | D:1      | 0 ||| qw: Goals: Normal
     0 | D:1      | 0 ||| PLANNING D:1-11
   415 | D:1      | Reached XP level 2. HP: 23/23 MP: 0/0
   655 | D:1      | 655 ||| UPGRADING to +0 pair of gloves.
   660 | D:1      | 660 ||| UPGRADING to +0 ring mail.
   670 | D:1      | 670 ||| DROPPING +0 leather armour.
   671 | D:1      | 671 ||| READING scroll labelled QOYLUE SESOST.
   672 | D:1      | 672 ||| READING scroll labelled WYUSHR ZIUMI.
   676 | D:1      | 676 ||| READING scroll labelled TAQAISH NISH.
   677 | D:1      | 677 ||| READING scroll labelled JOARIF DILE.
   677 | D:1      | 677 ||| IDENTIFYING red potion
   678 | D:1      | 678 ||| DROPPING scroll of butterflies.
   756 | D:2      | Found a white marble altar of Elyvilon.
   850 | D:2      | Noticed Jessica
   856 | D:2      | Killed Jessica
   857 | D:2      | Reached XP level 3. HP: 13/28 MP: 0/0
   857 | D:2      | Learned a level 1 spell: Apportation
  1053 | D:2      | Reached XP level 4. HP: 26/33 MP: 0/0
  1411 | D:2      | 1411 ||| FLEEEEING.
  1412 | D:2      | 1412 ||| FLEEEEING.
  1413 | D:2      | 1413 ||| FLEEEEING.
  1414 | D:2      | 1414 ||| FLEEEEING.
  1415 | D:2      | 1415 ||| FLEEEEING.
  1416 | D:2      | 1416 ||| FLEEEEING.
  1417 | D:2      | 1417 ||| FLEEEEING.
  1418 | D:2      | 1418 ||| FLEEEEING.
  1419 | D:2      | 1419 ||| FLEEEEING.
  1425 | D:2      | Reached skill level 4 in Ranged Weapons
  1432 | D:2      | HP: 8/33 [something (2)]
  1436 | D:2      | HP: 3/33 [something (1)]
  1437 | D:2      | Slain by an orc wizard

Levels and vault maps discovered:
D:1:      minmay_arrival_semitransparent, layout_basic
D:2:      layout_loops_corners, basic_altar, roderic_lattice_a,
          roderic_serpentine_path, uniq_jessica

Skill      XL: |  1  2  3  4 |
---------------+-------------+-----
Armour         | 2 |  2.1
Ranged Weapons | 4 |  4.0
Fighting       | |  2.0
Dodging        | |  2.1
Stealth        | |  0.7

Action                     |  1- 3 |  4- 6 || total
---------------------------+-------+-------++-------
   Fire: Shortbow          |    51 |    30 ||    81
    Use: Scroll            |     4 |       ||     4
 Armour: Leather armour    |     5 |       ||     5
         Ring mail         |    12 |    32 ||    44
  Dodge: Dodged            |    14 |     3 ||    17

Table legend:
 A = Non-vault XP
 B = Vault XP
 C = Vault XP percentage of total XP
 D = Non-vault monster count
 E = Vault monster count
 F = Vault count percentage of total count
                 A         B        C        D         E       F
            +---------+---------+-------+---------+---------+-------
      Total |      43 |      37 |  46.2 |      15 |       1 |   6.2
            +---------+---------+-------+---------+---------+-------
        D:1 |      11 |       0 |   0.0 |       6 |       0 |   0.0
        D:2 |      32 |      37 |  53.6 |       9 |       1 |  10.0
            +---------+---------+-------+---------+---------+-------
